AoeStats
← yellow.goose

Arabia

503518752Analyzed
1v1 RM · 1mo ago on Sep 1, 2026· 27m 9s· 2 players
Game mode
Random Map
Map size
Tiny (2 player)
Population
200
Speed
Normal
Resources
Standard
Victory
Conquest
Starting age
Dark Age
Ending age
Imperial Age
RankedLock teamsTeams togetherTeam positionsShared explorationLock speedFull tech treeHidden civsTurbo modeCheats
Victory
Defeat
🇺🇸 Bohemians · United States
1366
+15
🇨🇦 Bengalis · Canada
1346
-15
ApplePie
4:46 Loom
9:18 Feudal Age
10:20 Double-Bit Axe
18:32 Castle Age
18:45 Scale Barding Armor
20:23 Horse Collar
yellow.goose
6:02 Loom
9:12 Feudal Age
9:17 Man-at-Arms
15:16 Fletching
20:18 Castle Age
18:53 Horse Collar
18:59 Double-Bit Axe
20:20 Crossbowman
20:58 Bodkin Arrow
21:38 Bow Saw
22:46 Ballistics
25:39 Chemistry
26:24 Padded Archer Armor
Connection lost

Rejoining the realm…

Still unreachable

The connection could not be restored.

Session expired

The server has moved on; the page needs a fresh start.